Map: [ESL] Curious Minds

Players

Trap - Winner!

  • Race: Protoss Protoss

HeroMarine

  • Race: Terran Terran

Event: IEM Katowice 2022

VOD

Have the link to the VOD?

Description

Time

  • Played on: Feb. 25, 2022, 7:57 a.m.
  • Length: 12:22

All games in this series

Show
View Real Time Build Order
Export as new Build Order

Trap Protoss - Winner!

Build Orders:  

Get SALT Encoding   

  12  0:00  Probe  
  13  0:12  Probe  
  14  0:17  Pylon  
  14  0:24  Probe (Chrono Boost)  
  15  0:35  Gateway  
  15  0:36  Probe (Chrono Boost)  
  16  0:43  Probe (Chrono Boost)  
  16  0:45  Assimilator  
  17  0:50  Probe  
  18  1:03  Probe  
  19  1:15  Probe  
  20  1:22  Cybernetics Core  
  20  1:23  Zealot  
  22  1:30  Pylon  
  22  1:31  Probe  
  23  1:49  Nexus  
  23  1:55  Assimilator  
  23  1:57  Adept (Chrono Boost)  
  25  2:03  Probe  
  26  2:15  Probe  
  26  2:19  Pylon  
  26  2:21  Adept (Chrono Boost)  
  29  2:24  Warp Gate  
  29  2:28  Probe  
  30  2:37  Stargate  
  30  2:41  Probe  
  31  2:45  Adept  
  32  2:53  Probe  
  33  2:59  Shield Battery  
  33  3:05  Probe  
  34  3:07  Probe  
  35  3:12  Void Ray (Chrono Boost)  
  35  3:17  Probe  
  35  3:19  Probe  
  41  3:29  Probe  
  41  3:31  Probe  
  43  3:35  Gateway  
  43  3:41  Probe  
  43  3:43  Probe  
  43  3:45  Gateway, Void Ray (Chrono Boost)  
  49  3:57  Probe  
  49  3:58  Probe  
  51  4:04  Pylon  
  51  4:09  Probe  
  52  4:10  Probe  
  52  4:13  Stalker  
  51  4:17  Twilight Council  
  51  4:21  Probe  
  52  4:26  Probe, Assimilator  
  53  4:37  Probe  
  53  4:38  Probe  
  55  4:41  Stalker x3  
  57  4:49  Blink (Chrono Boost), Probe  
  57  4:50  Probe, Assimilator  
  55  5:02  Probe  
  57  5:11  Stalker x2  
  57  5:12  Pylon  
  60  5:18  Nexus  
  60  5:23  Stalker  
  62  5:30  Probe x2  
  62  5:35  Pylon  
  64  5:37  Stalker x2  
  68  5:43  Probe x2  
  68  5:47  Forge  
  70  5:55  Probe x2  
  70  5:57  Sentry  
  74  5:58  Pylon  
  74  6:00  Sentry  
  74  6:01  Sentry  
  78  6:09  Gateway  
  78  6:10  Gateway  
  78  6:15  Gateway  
  78  6:16  Probe x2  
  80  6:19  Protoss Ground Weapons Level 1 (Chrono Boost)  
  80  6:24  Templar Archives  
  80  6:29  Gateway  
  80  6:33  Gateway  
  80  6:35  Probe  
  80  6:36  Probe  
  80  6:37  Probe  
  83  6:41  Shield Battery, Psionic Storm  
  83  6:45  Pylon  
  83  6:47  Probe  
  83  6:48  Charge (Chrono Boost), Probe  
  83  6:49  Probe  
  86  6:54  Zealot  
  86  6:59  Pylon  
  88  7:04  High Templar  
  88  7:06  Zealot  
  88  7:08  Probe x2  
  94  7:09  Probe  
  94  7:13  Pylon  
  94  7:14  Pylon  
  95  7:16  High Templar  
  95  7:18  Shield Battery  
  95  7:20  Pylon  
  97  7:24  Zealot  
  97  7:25  Zealot  
  101  7:31  High Templar  
  101  7:32  Zealot x2  
  105  7:45  Zealot x4  
  111  7:53  Zealot x3  
  111  7:57  Pylon  
  117  7:59  Pylon  
  117  8:01  Pylon  
  117  8:04  Shield Battery  
  117  8:06  Stalker x3  
  117  8:12  High Templar x2  
  125  8:17  Zealot x3  
  125  8:18  Archon  
  125  8:27  Probe x3  
  127  8:33  Zealot x3  
  116  8:38  Zealot x3  
  102  8:49  Stalker  
  102  8:50  Stalker  
  102  8:52  Assimilator  
  102  8:53  Assimilator  
  96  8:56  Stalker x3  
  96  8:59  Robotics Facility  
  102  9:02  High Templar  
  102  9:03  Zealot x2  
  102  9:05  Pylon  
  100  9:12  High Templar  
  100  9:13  Zealot  
  102  9:18  Nexus  
  102  9:19  Pylon  
  102  9:22  Photon Cannon  
  102  9:26  High Templar  
  102  9:27  Zealot x3  
  110  9:36  Protoss Ground Weapons Level 2 (Chrono Boost)  
  110  9:40  Zealot  
  110  9:44  Zealot x2  
  110  9:45  Shield Battery  
  116  9:46  Zealot  
  116  9:47  Observer (Chrono Boost)  
  115  9:55  Stalker x3  
  121  10:04  High Templar x2  
  121  10:05  Zealot x2  
  129  10:07  Zealot  
  129  10:14  Immortal (Chrono Boost)  
  129  10:19  Zealot x3  
  138  10:34  Stalker x2  
  122  10:43  Archon  
  122  10:44  Stalker x2  
  122  10:46  Probe x3  
  122  10:49  Immortal (Chrono Boost)  
  121  10:57  Pylon  
  121  11:00  Shield Battery  
  121  11:02  Probe x3  
  125  11:04  Probe  
  125  11:12  High Templar x2, Zealot x2  
  125  11:18  Immortal (Chrono Boost)  
  133  11:34  Stalker x5  
  125  11:48  Observer (Chrono Boost)  
  124  11:54  Zealot x3  
  124  11:59  Zealot x5  
Show
View Real Time Build Order
Export as new Build Order

HeroMarine Terran 

Build Orders:  

Get SALT Encoding   

  12  0:00  SCV  
  13  0:12  SCV  
  14  0:17  Supply Depot  
  14  0:24  SCV  
  15  0:38  SCV  
  15  0:39  Barracks  
  16  0:45  Refinery  
  16  0:50  SCV  
  16  0:56  Refinery  
  17  1:02  SCV  
  18  1:14  SCV  
  19  1:27  Reaper, Orbital Command  
  20  1:35  Supply Depot  
  20  1:43  Factory  
  20  1:53  SCV  
  21  1:59  Reaper  
  22  2:05  SCV  
  23  2:17  SCV  
  24  2:26  Command Center  
  24  2:28  Factory Reactor  
  24  2:29  SCV  
  25  2:37  Supply Depot  
  25  2:42  SCV  
  26  2:54  SCV  
  27  2:58  Starport  
  31  3:05  Widow Mine x2  
  31  3:06  SCV  
  32  3:18  SCV  
  36  3:27  Widow Mine x2  
  36  3:30  SCV  
  37  3:34  Viking  
  37  3:38  Orbital Command  
  37  3:39  Barracks Tech Lab  
  39  3:42  SCV  
  44  3:54  SCV  
  45  3:59  Orbital Command  
  41  4:04  Viking  
  41  4:05  Marine  
  41  4:06  SCV, Marine, Siege Tank  
  48  4:18  SCV  
  48  4:21  Barracks  
  49  4:24  Barracks  
  49  4:25  SCV  
  49  4:27  Marine  
  51  4:34  Marine  
  51  4:35  SCV  
  51  4:37  Starport Tech Lab, SCV  
  52  4:46  Marine  
  52  4:48  SCV  
  52  4:52  Marine  
  53  4:54  Supply Depot  
  54  5:01  Bunker  
  54  5:04  Marine  
  54  5:08  SCV x2, Raven, Siege Tank  
  54  5:09  Marine  
  54  5:12  Barracks Tech Lab  
  62  5:15  Engineering Bay, Marine  
  62  5:20  SCV x2  
  64  5:31  Barracks, Stimpack  
  64  5:32  Barracks, SCV x2  
  64  5:33  Refinery  
  64  5:35  Supply Depot  
  65  5:42  Marine  
  66  5:44  SCV x2, Terran Infantry Weapons Level 1  
  66  5:46  Marine  
  66  5:47  Marine  
  70  5:56  Marine  
  73  5:57  SCV x2  
  73  5:58  Supply Depot  
  73  6:08  Combat Shield  
  73  6:09  SCV x2, Refinery  
  73  6:10  Factory Reactor  
  75  6:11  Marine  
  75  6:14  Marine  
  75  6:15  Starport Reactor  
  77  6:20  Marauder  
  77  6:21  Marine  
  77  6:22  Supply Depot  
  77  6:25  Marauder, Marine  
  82  6:29  Marine  
  82  6:31  Marine  
  86  6:40  Supply Depot  
  86  6:43  Supply Depot  
  86  6:44  Marauder  
  86  6:46  Marauder  
  89  6:47  Marine  
  89  6:49  Barracks Reactor, Marine  
  89  6:52  Medivac  
  93  6:58  Supply Depot  
  93  7:01  Medivac  
  93  7:02  Marauder  
  93  7:05  Marauder, Marine  
  93  7:07  Marine  
  93  7:08  Widow Mine x2  
  105  7:11  Marine  
  106  7:22  Medivac  
  108  7:23  Marauder  
  108  7:25  Marauder  
  108  7:27  Marauder, Marine x2  
  114  7:30  Marine x2  
  114  7:31  Medivac  
  117  7:40  Widow Mine  
  117  7:46  Marine  
  117  7:48  Widow Mine  
  117  7:50  Supply Depot  
  117  7:51  Supply Depot, Marine, Marauder  
  118  7:52  Marauder  
  118  7:58  Marauder  
  125  8:05  Marine  
  126  8:09  Marine  
  125  8:13  Marauder x2  
  125  8:14  Marine  
  125  8:19  Widow Mine x2, Marauder  
  132  8:20  Medivac  
  132  8:24  Marine  
  132  8:25  Marine  
  135  8:27  Marine  
  125  8:34  Marauder  
  125  8:35  Marauder  
  125  8:36  Marine  
  125  8:40  Widow Mine, Marine  
  126  8:41  Medivac  
  108  8:48  Marine  
  108  8:51  Marine  
  108  8:53  Widow Mine  
  102  8:56  Marauder, Medivac  
  102  9:00  Marauder  
  102  9:01  Marine  
  102  9:02  Widow Mine  
  103  9:03  Marine  
  103  9:07  Marine x2  
  103  9:09  Marine  
  102  9:12  Concussive Shells  
  102  9:16  Marine  
  102  9:18  Widow Mine  
  102  9:19  Marine, Medivac  
  108  9:26  Medivac  
  108  9:29  Marauder  
  110  9:32  Widow Mine  
  110  9:35  Marauder  
  110  9:37  Marauder  
  116  9:39  Marine  
  116  9:40  Marine x2  
  121  9:45  Widow Mine  
  121  9:49  Medivac  
  119  9:53  Widow Mine  
  119  9:59  Marauder x2, Marine x2  
  123  10:01  Marine  
  123  10:04  Medivac  
  123  10:06  Marauder  
  131  10:07  Widow Mine  
  131  10:11  Marine  
  132  10:14  Widow Mine  
  132  10:17  Marine x2  
  132  10:19  Supply Depot, Marine, Medivac  
  139  10:22  Marauder, Marine  
  139  10:28  Marine  
  142  10:30  Marine  
  142  10:35  Medivac  
  142  10:37  Marine x2  
  142  10:39  Widow Mine  
  142  10:40  Widow Mine  
  142  10:41  Marauder  
  138  10:44  Marauder  
  138  10:46  Marauder  
  138  10:47  Marine  
  138  10:48  Marine  
  122  10:55  Marine x2  
  123  11:01  Widow Mine  
  123  11:02  Widow Mine  
  123  11:03  Marauder, Medivac  
  131  11:04  Orbital Command  
  131  11:05  Medivac  
  131  11:11  Marauder  
  135  11:12  Marine  
  135  11:14  Marine  
  135  11:18  Marine  
  137  11:19  Marine  
  129  11:33  Marauder  
  129  11:36  Marine x2  
  129  11:37  Marine  
  129  11:39  Widow Mine  
  114  11:40  Widow Mine  
  111  11:48  Marauder x2  
  111  11:49  Marine  
  111  11:54  Marine x2  

Tags
 
Add a new tag
Caveats
  • Supply blocks, unpowered buildings, or Contaminate may cause inaccurate times.
  • Supply counts are checked every 10 seconds.